[Event "13th London Chess Classic 2023"]
[Site "London"]
[Date "2023.12.01"]
[Round "1.1"]
[White "Vitiugov, Nikita"]
[Black "Volokitin, Andrei"]
[Result "1/2-1/2"]
[ECO "A38"]
[WhiteElo "2712"]
[BlackElo "2660"]
[Annotator "TA"]
[PlyCount "87"]
[EventDate "2023.11.27"]
[EventType "tourn"]
[EventCountry "ENG"]
[SourceTitle "playchess.com"]
[Source "ChessBase"]
[SourceQuality "1"]
[TimeControl "40/5400+30:1800+30"]

1. Nf3 Nf6 2. b3 g6 3. Bb2 Bg7 4. g3 c5 5. c4 d6 6. Bg2 e5 7. O-O Nc6 8. Nc3 O-O 9. d3 Ne8 10. a3 {[%emt 0:05:00] A38: Symmetrical English vs ...g6: 4 Bg2 Bg7 5 Nf3 Nf6.} a5 {[%emt 0:05:38] [#]} 11. Ne1 $146 ({Predecessor:} 11. Nd2 Nc7 12. e3 Be6 13. Nd5 Rb8 14. Nxc7 Qxc7 15. Ne4 b5 16. Nc3 Na7 17. Rb1 a4 {½-½ Kazakouski,V (2499)-Brazdzionis,A (2321) Panevezys Kveinys Memorial op 2021 (5)}) 11... Nc7 12. Nc2 Rb8 13. Ne3 Bd7 14. Ned5 Nxd5 15. Nxd5 Ne7 16. Nxe7+ Qxe7 17. Bc3 b6 18. b4 axb4 19. axb4 b5 20. Ra7 {[%emt 0:14:14] Threatens to win with Bc6.} cxb4 21. Bxb4 {[%emt 0:11:08] Black must now prevent Bc6.} bxc4 22. Ba5 {[%emt 0:00:04] aiming for Bc6.} e4 {[%emt 0:04:17] [#]} 23. dxc4 ({And not} 23. Bxe4 Bd4 24. Rc7 Rfc8 $15) ({White has to play} 23. Bh3 $1 $16 f5 24. dxe4) 23... Ra8 $11 {[%emt 0:00:26] The position is equal.} 24. Rxa8 Rxa8 25. Bb4 Ra6 26. c5 dxc5 27. Bxc5 Qe8 28. Qd2 Bc6 29. Rd1 Ra1 30. Rxa1 Bxa1 31. h4 h5 32. Bd4 Qd7 33. e3 Bxd4 34. Qxd4 {[%emt 0:00:40][%mdl 4096] Endgame KQB-KQB} Qe6 35. Bf1 Bd5 36. Bb5 Kh7 37. Qc5 Kg7 38. Kg2 Qf5 39. Qd6 Qf3+ 40. Kg1 Qd1+ 41. Kh2 Qb3 {[%emt 0:10:27] Prevents Bc4.} 42. Qe5+ Kh7 43. Bd7 Be6 44. Bxe6 {[%emt 0:06:20] Weighted Error Value: White=0.07 (flawless) /Black=0.06 (flawless)} 1/2-1/2

[Event "13th London Chess Classic 2023"]
[Site "London"]
[Date "2023.12.01"]
[Round "1.2"]
[White "Gukesh D"]
[Black "Bartel, Mateusz"]
[Result "1-0"]
[ECO "C11"]
[WhiteElo "2746"]
[BlackElo "2651"]
[Annotator "TA"]
[PlyCount "81"]
[EventDate "2023.11.27"]
[EventType "tourn"]
[EventCountry "ENG"]
[SourceTitle "playchess.com"]
[Source "ChessBase"]
[SourceQuality "1"]
[TimeControl "40/5400+30:1800+30"]

1. e4 e6 2. d4 d5 3. Nc3 Nf6 4. e5 Nfd7 5. f4 c5 6. Nf3 Be7 {[%emt 0:00:05] C11: French: Classical System: 4 e5 and 4 Bg5 dxe4.} 7. Be3 O-O 8. dxc5 Nxc5 {[%emt 0:02:54] The position is equal.} 9. Qd2 Nbd7 10. O-O-O {[%emt 0:04:48] [#]} Nb6 $146 ({Predecessor:} 10... b6 11. h4 Bb7 12. Kb1 a6 13. Ng5 b5 14. Bd3 h6 15. b4 Na4 16. Nxa4 bxa4 {1-0 Jakovenko,D (2742)-Zvjaginsev,V (2658) RUS-chT 22nd 2015 (4.1)}) 11. Bxc5 Bxc5 12. Bd3 {[%emt 0:00:03][%cal Od3h7] Bxh7+! is the strong threat.} f5 13. exf6 {[%emt 0:11:07] White is more active.} Qxf6 14. Ne2 Bd7 15. Kb1 ({But not} 15. Ne5 $6 Be8 $11) 15... Bd6 16. g3 {[%emt 0:01:11] Black is on the road to losing.} Be8 ({Black should try} 16... Rae8) 17. Ned4 $16 Bg6 18. Rhe1 Rae8 19. Bxg6 hxg6 20. b3 e5 21. fxe5 Bxe5 22. Nxe5 Rxe5 23. Rxe5 Qxe5 24. Re1 Qf6 {[%emt 0:06:05] [#]} (24... Qd6 $142 25. Re6 Qa3) 25. a4 $1 $18 Nd7 {[%emt 0:18:37] [#]} 26. Nb5 $1 Qc6 27. Nxa7 Qc5 28. Nb5 Rc8 $2 (28... Nf6 29. Re5 Kh7) 29. b4 {[%emt 0:01:46] White is clearly winning.} Qf8 30. Qxd5+ Kh7 31. Re4 (31. Qxd7 $2 {too greedy.} Qxb4+ 32. Kc1 Qxe1+ 33. Qd1 Qe4 $19) 31... Qf1+ 32. Kb2 Nf6 33. Rh4+ Nh5 34. Qd3 Qf6+ 35. c3 Kh8 36. Nd6 Rf8 37. Ne4 Qe7 38. Qd6 Qe8 39. g4 {[%emt 0:00:30][%cal Bg3g4,Bg4h5][%mdl 96] Pin} Rf1 40. gxh5 g5 41. Rg4 {[%emt 0:01:12] Weighted Error Value: White=0.07 (flawless) /Black=0.44} (41. Nxg5 {gets mated.} Qe2+) 1-0

[Event "13th London Chess Classic 2023"]
[Site "London"]
[Date "2023.12.01"]
[Round "1.3"]
[White "Moussard, Jules"]
[Black "Niemann, Hans Moke"]
[Result "1/2-1/2"]
[ECO "C67"]
[WhiteElo "2639"]
[BlackElo "2659"]
[Annotator "TA"]
[PlyCount "62"]
[EventDate "2023.11.27"]
[EventType "tourn"]
[EventCountry "ENG"]
[SourceTitle "playchess.com"]
[Source "ChessBase"]
[SourceQuality "1"]
[TimeControl "40/5400+30:1800+30"]

1. e4 e5 2. Nf3 Nc6 3. Bb5 Nf6 4. O-O Nxe4 5. Re1 Nd6 6. Nxe5 Be7 7. Bf1 Nxe5 8. Rxe5 O-O 9. d4 Bf6 10. Re1 Re8 {[%emt 0:00:08] 10...Re8 scores better than 10...Nf5. C67: Ruy Lopez: Berlin Defence: 4 0-0 Nxe4.} 11. Bf4 Rxe1 12. Qxe1 Ne8 13. c3 d5 14. Nd2 Bf5 15. Qe3 c6 16. Re1 h6 17. Qg3 {[%emt 0:04:19] [#]} Bg5 $146 {[%emt 0:09:30] [#]} ({Predecessor:} 17... Bg6 18. Nf3 Qb6 19. b4 a5 20. a3 axb4 21. axb4 Qd8 22. Ne5 Bxe5 23. dxe5 Kh7 {½-½ So,W (2652)-Aronian,L (2816) Olympiad-40 Istanbul 2012 (4.1)}) 18. h4 $1 Bxf4 19. Qxf4 Qf6 20. Nf3 Be4 21. Qxf6 Nxf6 22. Ne5 Bf5 23. f3 Nd7 24. g4 Nxe5 25. Rxe5 $11 {[%emt 0:00:21][%mdl 4096] Endgame KRB-KRB} Bd7 26. Kf2 Re8 27. Rxe8+ Bxe8 {[%emt 0:00:04] The position is equal.} 28. Ke3 g5 29. hxg5 hxg5 30. f4 f6 31. f5 Kf8 {[%emt 0:19:51] An uneventful encounter.   Weighted Error Value: White=0.03 (flawless) /Black=0.01 (flawless)} 1/2-1/2

[Event "13th London Chess Classic 2023"]
[Site "London"]
[Date "2023.12.01"]
[Round "1.4"]
[White "Adams, Michael"]
[Black "Tabatabaei, M. Amin"]
[Result "1-0"]
[ECO "C50"]
[WhiteElo "2670"]
[BlackElo "2694"]
[Annotator "TA"]
[PlyCount "93"]
[EventDate "2023.11.27"]
[EventType "tourn"]
[EventCountry "ENG"]
[SourceTitle "playchess.com"]
[Source "ChessBase"]
[SourceQuality "1"]
[TimeControl "40/5400+30:1800+30"]

1. e4 e5 2. Nf3 Nc6 3. Bc4 Nf6 4. d3 Bc5 5. Nc3 h6 6. O-O O-O 7. h3 d6 8. Na4 Bb6 {[%emt 0:00:12] C50: Hungarian Defence and Giuoco Pianissimo.} 9. a3 $1 {[%emt 0:01:27][%mdl 4] is now more promising than 9.Nxb6.} Be6 10. Bxe6 fxe6 {[%emt 0:00:10] The position is equal.} 11. c3 Qe8 12. b4 Ne7 13. Ra2 {[%emt 0:04:33] [#]} Kh8 $146 ({Predecessor:} 13... Nh5 14. Nxb6 axb6 15. g3 b5 16. Kg2 b6 17. Nh2 Nf6 18. Be3 Qc6 19. Bd2 d5 {0-1 Van Foreest,J (2695)-Giri,A (2772) NED-ch KO Utrecht 2023 (4.5)}) 14. Re1 g5 (14... Ng6 $11 {might be stronger.}) 15. d4 $16 Ng6 16. dxe5 dxe5 17. Nxb6 cxb6 18. c4 {[%emt 0:00:00][%cal Bc3c4,Bc4c5][%mdl 32] White is more active.} Qc6 19. Rc2 Rad8 20. Qe2 Qa4 21. c5 Nh5 (21... bxc5 $16 {might work better.} 22. Rxc5 b6) 22. Rc3 (22. cxb6 $18 {[%cal Of3e5] and White stays clearly on top. Black must now prevent Nxe5!} axb6 23. Nxe5 {[%mdl 64] Discovered Attack} Nxe5 24. Bb2) 22... Nhf4 23. Bxf4 Nxf4 24. Qe3 Rd1 (24... bxc5 $16 25. Qxc5 Kg8) 25. cxb6 $18 axb6 26. Kh2 ({But not} 26. Nxe5 $6 Rxe1+ 27. Qxe1 Qb5 $16) 26... Rxe1 27. Qxe1 Qd7 28. g3 ({Don't take} 28. Nxe5 $6 Qg7 29. Nf3 g4) 28... Nh5 29. Nxe5 Qg7 30. Rf3 Rxf3 31. Nxf3 {[%emt 0:00:00][%mdl 4096] Endgame KQN-KQN} Nf6 32. Qe3 Qc7 33. Qd4 Kg7 34. Ne5 h5 35. Nf3 g4 $2 {[%emt 0:01:46] [#]} (35... Kg6 36. Qd2 Nh7) 36. hxg4 hxg4 37. e5 gxf3 38. exf6+ {[%emt 0:00:02] KQ-KQ} Kf7 39. Qg4 {[%emt 0:00:55] [#] White threatens Qg7+ and mate.} Kxf6 40. Qxf3+ Ke7 41. Qe4 Qb8 42. Qh4+ Kd7 $2 (42... Kf7 43. Kg2 Qa7 44. Qf4+ Kg6 45. Qe4+ Kf6) 43. Qd4+ {[%emt 0:00:38] White is clearly winning.} Kc6 44. Qc4+ Kd6 45. Qf4+ e5 46. Qf6+ Kd5 47. Qxb6 {[%emt 0:00:13] Weighted Error Value: White=0.06 (flawless) /Black=0.37} 1-0

[Event "13th London Chess Classic 2023"]
[Site "London"]
[Date "2023.12.01"]
[Round "1.5"]
[White "McShane, Luke J"]
[Black "Royal, Shreyas"]
[Result "1/2-1/2"]
[ECO "B51"]
[WhiteElo "2626"]
[BlackElo "2404"]
[Annotator "TA"]
[PlyCount "107"]
[EventDate "2023.11.27"]
[EventType "tourn"]
[EventCountry "ENG"]
[SourceTitle "playchess.com"]
[Source "ChessBase"]
[SourceQuality "1"]
[TimeControl "40/5400+30:1800+30"]

1. e4 c5 2. Nf3 d6 3. Bb5+ Nd7 4. O-O a6 5. Be2 Ngf6 6. d3 {[%emt 0:00:06] B51: Sicilian: Moscow Variation (3 Bb5+) without 3...Bd7.} b5 7. a4 {[%emt 0:15:01] Black should prevent axb5.} Bb7 8. Na3 {[%emt 0:00:09] [#] White has an edge.} e5 $146 ({Predecessor:} 8... e6 9. Bf4 Qb6 10. axb5 axb5 11. c4 b4 12. Nb5 Rxa1 13. Qxa1 e5 14. Bg5 Be7 {1-0 Psyk,R (2452)-Kempinski,R (2556) Rubinstein Memorial 59th 2023 (7)}) 9. c3 Be7 10. Be3 Bc6 11. d4 cxd4 (11... bxa4 12. d5 Bb7 13. Nd2 $16 (13. Qxa4 O-O $16)) 12. cxd4 Bxe4 (12... Nxe4 13. axb5 axb5 14. dxe5 $16) 13. axb5 (13. Nd2 {keeps more tension.} Bb7 14. axb5 O-O 15. Qb3) 13... axb5 14. Nxb5 Rxa1 15. Qxa1 Nd5 16. Bd2 O-O 17. Rc1 Qb8 18. Qa4 N7b6 19. Qb3 Bf5 20. dxe5 dxe5 21. Bf1 Rd8 22. Re1 Bf6 23. Bg5 Bxg5 24. Nxg5 f6 25. Ne4 Be6 26. Qa3 Nc7 27. Nbd6 Ne8 28. Nxe8 Rxe8 29. b4 Rd8 30. b5 Rd4 31. g3 Nc4 (31... Qd8 $11) 32. Qc5 (32. Qe7 $16 Bd5 33. Nc5) 32... Nd6 (32... Qd8 $11) 33. Nc3 ({White should try} 33. Nxd6 $16 {[%cal Oc5d4] Qxd4! is the strong threat.} Rd5 34. Qb4 Rxd6 35. Ra1) 33... Qc8 $1 $11 34. Qxc8+ Bxc8 35. Ra1 Bb7 36. Na4 Ne4 {[%emt 0:01:04] Prevents Nc5.} 37. Bg2 Rb4 38. b6 Nd6 39. Bxb7 Nxb7 {[%emt 0:00:01][%mdl 4096] Endgame KRN-KRN} 40. Rc1 Na5 41. Rc8+ Kf7 42. Ra8 $1 {[%emt 0:00:48] The position is equal.} Nc6 ({Don't do} 42... Rxa4 43. b7 Rb4 44. b8=Q (44. b8=R Rxb8 45. Rxb8 g5 $16) 44... Rxb8 45. Rxb8 $16) 43. Kf1 Ke6 44. Ke2 Kd5 45. Kd2 Kd4 46. Kc2 e4 47. Rc8 Kd5 48. Nc3+ Kd6 49. Rg8 Nd4+ 50. Kd2 Ne6 (50... Rxb6 $2 51. Rd8+ (51. Nxe4+ Ke5 $11) (51. Rxg7 Rb2+ 52. Ke1 Nf3+ 53. Kf1 e3 $11) 51... Ke5 52. Rd5+ Ke6 53. Rxd4 $18) 51. Nxe4+ {[%emt 0:01:02][%mdl 64] [#] Promotion} Ke5 (51... Rxe4 $2 52. b7 Rb4 53. b8=Q+ (53. b8=B+ Kd5 $11) 53... Rxb8 54. Rxb8 $18) 52. Re8 {[%emt 0:03:17] Strongly threatening Nc5.} Rxb6 53. Nc5 {[%emt 0:00:53] Hoping for Nd7+.} Kd5 54. Nxe6 {[%emt 0:00:53] Weighted Error Value: White=0.08 (flawless) /Black=0.09 (flawless)} 1/2-1/2

[Event "13th London Chess Classic 2023"]
[Site "London"]
[Date "2023.12.02"]
[Round "2.1"]
[White "Volokitin, Andrei"]
[Black "Royal, Shreyas"]
[Result "1-0"]
[ECO "C78"]
[WhiteElo "2660"]
[BlackElo "2404"]
[Annotator "ChessBase"]
[PlyCount "83"]
[EventDate "2023.11.27"]
[EventType "tourn"]
[EventCountry "ENG"]
[SourceTitle "playchess.com"]
[Source "ChessBase"]
[SourceQuality "1"]
[TimeControl "40/5400+30:1800+30"]

1. e4 e5 2. Nf3 Nc6 3. Bb5 a6 4. Ba4 Nf6 5. O-O b5 6. Bb3 Bc5 7. c3 d6 8. d4 Bb6 9. Be3 O-O 10. Nbd2 Re8 11. a4 Rb8 12. Qe2 Bd7 13. axb5 axb5 14. Ng5 Rf8 15. dxe5 dxe5 16. Bxb6 Rxb6 17. f4 exf4 18. e5 Bg4 19. Ndf3 Bxf3 20. Rxf3 Nd5 21. Nh3 Qe7 22. Kh1 Nf6 23. Re1 Re8 24. e6 fxe6 25. Nxf4 Nd8 26. Re3 c5 27. Bxe6+ Nxe6 28. Nxe6 c4 29. h3 Qd7 30. Nxg7 Kxg7 31. Rxe8 Qxe8 32. Qxe8 Nxe8 33. Rxe8 Rd6 34. Re5 b4 35. cxb4 Rd2 36. Rc5 Rc2 37. Kh2 Kg6 38. Kg3 h5 39. h4 Kh6 40. Rc6+ Kg7 41. Kf3 Kh7 42. g3 1-0

[Event "13th London Chess Classic 2023"]
[Site "London"]
[Date "2023.12.02"]
[Round "2.2"]
[White "Tabatabaei, M. Amin"]
[Black "McShane, Luke J"]
[Result "1-0"]
[ECO "C54"]
[WhiteElo "2694"]
[BlackElo "2626"]
[Annotator "TA"]
[PlyCount "107"]
[EventDate "2023.11.27"]
[EventType "tourn"]
[EventCountry "ENG"]
[SourceTitle "playchess.com"]
[Source "ChessBase"]
[SourceQuality "1"]
[TimeControl "40/5400+30:1800+30"]

1. e4 e5 2. Nf3 Nc6 3. Bc4 Bc5 4. c3 Nf6 5. d3 O-O 6. Bg5 Be7 {[%emt 0:00:26] C54: Giuoco Piano: 4 c3 Nf6, main lines with 5 d4 and 5 d3.} (6... h6 $5 7. Bh4 a5 $11) 7. Nbd2 d6 {[%emt 0:00:51] 7...Na5 is more fashionable.} 8. a4 {[%emt 0:00:30] [#]} Ng4 $146 {[%emt 0:07:33] The position is equal.} ({Predecessor:} 8... h6 9. Bh4 Nh5 10. Bg3 g6 11. b4 Bf6 12. O-O Qe7 13. Re1 Nd8 14. d4 Nxg3 15. hxg3 {½-½ So,W (2776)-Anand,V (2751) Norway Masters blitz 10th 2022 (2)}) 9. Bxe7 Qxe7 10. a5 Kh8 11. h3 Nf6 12. Nf1 Be6 13. Qb3 b6 14. Bxe6 fxe6 15. axb6 axb6 16. Rxa8 Rxa8 17. Ng3 Ra1+ 18. Ke2 (18. Kd2 {looks sharper.} Na5 19. Qc2 Ra2 20. Rb1) 18... Rxh1 19. Nxh1 Nh5 20. Kf1 Nd8 21. Qb5 g6 22. Kg1 Nf7 23. Kh2 Kg7 24. Ng3 Nxg3 25. Kxg3 $11 {[%emt 0:00:18][%mdl 4096] Endgame KQN-KQN} Qf6 {[%emt 0:09:18][%csl Ge5][%cal Rf6f4] [#]} 26. h4 h6 27. Qd7 g5 28. Kh3 {[%emt 0:00:09] Active counter play!} (28. Qxc7 $2 Qf4+ 29. Kh3 g4#) 28... c5 (28... g4+ $2 29. Kxg4 Qf4+ 30. Kh3 $16) 29. h5 c4 30. dxc4 g4+ {[%emt 0:00:06][%mdl 64] [#] Decoy} 31. Kxg4 {[%emt 0:00:05] Black must now prevent g3.} Qf4+ 32. Kh3 Qxe4 33. Kh2 (33. Qxe6 $2 Qxf3+ 34. gxf3 Ng5+ 35. Kg4 Nxe6 $19) 33... Qxc4 34. Kg1 Qb3 35. g3 Kf6 36. Nh2 {[%emt 0:01:08] Ng4+ is the strong threat.} Qd1+ (36... Qxb2 37. Ng4+ Kg7 38. Qxe6 Qxc3 39. Ne3 $14) 37. Kg2 Qxh5 38. Qb5 {[%emt 0:00:11] Dodges Qe2} d5 39. Qxb6 Qd1 40. b4 e4 41. b5 {[%emt 0:03:06] Qc5 would be deadly.} Ne5 $2 {[%emt 0:14:35][%mdl 8192] This move loses the game for Black.} (41... h5 $11) 42. Qd8+ $18 Kf7 43. Qc7+ Kf6 44. b6 {[%emt 0:01:07] Hoping for b7.} Nf3 (44... e3 $142 45. b7 (45. fxe3 Qe2+ 46. Kh3 Qh5+ 47. Kg2 Qe2+ 48. Kh3 Qh5+ 49. Kg2 Qe2+ $11) (45. Qd8+ Kg7 $14) 45... exf2 46. Qxe5+ (46. b8=B Qg1+ 47. Kh3 f1=Q+ 48. Nxf1 Qxf1+ 49. Kh4 Qh1#) (46. Kxf2 Qd2+ 47. Kf1 Qd1+ 48. Kg2 Qc2+ 49. Kg1 Qd1+ 50. Nf1 Nf3+ 51. Kf2 Qe1+ 52. Kxf3 Qxf1+ 53. Ke3 Qe1+ 54. Kd4 Qg1+ 55. Kd3 Qd1+ 56. Ke3 Qe1+ 57. Kf3 Qf1+ 58. Ke3 Qe1+ $11) 46... Kxe5 47. b8=Q+ (47. b8=B+ $2 Ke4 $19) 47... Kf5) 45. Qf4+ Ke7 46. Nxf3 (46. Qxh6 Qg1+ 47. Kh3 Qxh2+ 48. Kg4 Qxh6 49. b7 Nh2#) 46... exf3+ 47. Qxf3 {[%emt 0:00:29] KQ-KQ} Qb1 48. Qe3 Kf7 49. Qf4+ (49. Qxh6 Qxb6 50. Qf4+ Kg6 $18) 49... Ke7 50. Qc7+ (50. Qxh6 Qxb6 51. Qg7+ Kd6 $18) 50... Kf6 51. b7 Qe4+ 52. Kh2 {[%emt 0:00:05] White mates.} Qe2 53. Qf4+ ({And not} 53. b8=B Qxf2+ 54. Kh3 Qf1+ 55. Kh2 (55. Kh4 $2 {is a self mate.} Qh1+ 56. Kg4 h5+ 57. Kf4 Qe4#) 55... Qf2+ 56. Kh3 Qf1+ 57. Kh2 (57. Kh4 $2 {gets mated.} Qh1+ 58. Kg4 h5+ 59. Kf4 Qe4#) 57... Qf2+ $11) 53... Kg6 54. b8=Q {[%emt 0:00:06] Weighted Error Value: White=0.06 (flawless) /Black=0.46} 1-0

[Event "13th London Chess Classic 2023"]
[Site "London"]
[Date "2023.12.02"]
[Round "2.3"]
[White "Niemann, Hans Moke"]
[Black "Adams, Michael"]
[Result "1/2-1/2"]
[ECO "A20"]
[WhiteElo "2659"]
[BlackElo "2670"]
[Annotator "ChessBase"]
[PlyCount "68"]
[EventDate "2023.11.27"]
[EventType "tourn"]
[EventCountry "ENG"]
[SourceTitle "playchess.com"]
[Source "ChessBase"]
[SourceQuality "1"]
[TimeControl "40/5400+30:1800+30"]

1. c4 e5 2. g3 c6 3. Nf3 e4 4. Nd4 d5 5. cxd5 Qxd5 6. Nc2 Nf6 7. Nc3 Qe5 8. Bg2 Na6 9. O-O Be7 10. Ne3 O-O 11. a3 Nc7 12. b4 Nfd5 13. Nexd5 Nxd5 14. Bb2 Bf5 15. Qc2 Nxc3 16. Bxc3 Qe6 17. Qb2 Qg6 18. b5 h5 19. a4 h4 20. a5 a6 21. bxa6 bxa6 22. Ra4 Rfe8 23. Qb6 Bf8 24. Rc4 Re6 25. Qb7 Rae8 26. Qxa6 c5 27. Qb5 Qh5 28. a6 h3 29. Bh1 Qxe2 30. Rxc5 Bg4 31. Qxe2 Bxe2 32. Ra5 Rxa6 33. Rxa6 Bxa6 34. Re1 f5 1/2-1/2

[Event "13th London Chess Classic 2023"]
[Site "London"]
[Date "2023.12.02"]
[Round "2.4"]
[White "Bartel, Mateusz"]
[Black "Moussard, Jules"]
[Result "1-0"]
[ECO "A17"]
[WhiteElo "2651"]
[BlackElo "2639"]
[Annotator "ChessBase"]
[PlyCount "59"]
[EventDate "2023.11.27"]
[EventType "tourn"]
[EventCountry "ENG"]
[SourceTitle "playchess.com"]
[Source "ChessBase"]
[SourceQuality "1"]
[TimeControl "40/5400+30:1800+30"]

1. Nf3 Nf6 2. c4 e6 3. Nc3 Bb4 4. Qb3 c5 5. a3 Ba5 6. g4 h6 7. Rg1 Nc6 8. h4 Nd4 9. Nxd4 cxd4 10. Nb5 d5 11. c5 Ne4 12. Nxd4 Nxc5 13. Qb5+ Nd7 14. b4 Bb6 15. Bb2 a6 16. Qa4 O-O 17. g5 Ne5 18. gxh6 g6 19. Qb3 Qxh4 20. h7+ Kh8 21. Qe3 f6 22. Nf3 Nxf3+ 23. Qxf3 e5 24. Rxg6 Be6 25. Rc1 Rf7 26. e3 Re8 27. Bd3 Bd8 28. Bxe5 Rxh7 29. Rxf6 Qh1+ 30. Ke2 1-0

[Event "13th London Chess Classic 2023"]
[Site "London"]
[Date "2023.12.02"]
[Round "2.5"]
[White "Vitiugov, Nikita"]
[Black "Gukesh D"]
[Result "1/2-1/2"]
[ECO "D14"]
[WhiteElo "2712"]
[BlackElo "2746"]
[Annotator "TA"]
[PlyCount "155"]
[EventDate "2023.11.27"]
[EventType "tourn"]
[EventCountry "ENG"]
[SourceTitle "playchess.com"]
[Source "ChessBase"]
[SourceQuality "1"]
[TimeControl "40/5400+30:1800+30"]

1. d4 d5 2. c4 c6 3. Nf3 Nf6 4. cxd5 cxd5 5. Nc3 Nc6 6. Bf4 Bf5 7. e3 e6 8. Ne5 {[%emt 0:00:56] 8.Qb3 is the modern continuation.} Nd7 9. Nxc6 bxc6 10. a3 {[%emt 0:01:02] D14: Slav Defence: Exchange variation with ...Bf5.} Be7 11. Be2 O-O {[%emt 0:00:53] [#]} 12. Rc1 $146 {[%emt 0:00:19] White is slightly better.} ({Predecessor:} 12. O-O Bf6 13. Na4 e5 14. dxe5 Nxe5 15. Rc1 Rc8 16. Re1 Re8 17. h3 Qe7 18. Ba6 {0-1 Girya,O (2328)-Goryachkina,A (2484) Wch Rapid (Women) 2022 (5)}) 12... c5 13. dxc5 Nxc5 14. b4 Ne4 15. Nxe4 Bxe4 16. O-O Bd6 17. Bxd6 Qxd6 18. Qd2 Rfc8 19. Rc3 e5 20. Rfc1 Rd8 21. Rc7 d4 22. f3 Bd5 23. exd4 Be6 {[%emt 0:01:10] [#]} 24. d5 $1 Qb6+ {[%emt 0:00:46] Black is weak on the light squares} 25. R1c5 {[%emt 0:04:01] And now R7c6 would win. White has more active pieces.} Rxd5 26. Qe3 Rxc5 27. Qxc5 f6 28. Kf1 Qxc5 29. Rxc5 Rc8 30. Rxc8+ Bxc8 $14 {[%emt 0:00:01][%mdl 4096] Endgame KB-KB} 31. Bc4+ Kf8 32. Ke2 Ke7 33. Kd3 f5 34. a4 g5 35. Bd5 Kd6 36. Kc4 Bd7 37. b5 h6 38. Ba8 Be6+ 39. Kb4 Bf7 $2 {[%emt 0:01:14] [#]} (39... Bc8 $11 {and Black stays safe.}) 40. a5 $1 $18 {[%emt 0:00:00][%cal Ba4a5,Ba5b6][%mdl 32] Strongly threatening b6.} Kc7 41. Kc5 Bb3 $2 (41... h5 42. b6+ Kb8) 42. Bc6 Bc2 43. b6+ axb6+ $2 (43... Kb8 44. g3 f4 45. bxa7+ Kxa7) 44. axb6+ Kb8 {[%emt 0:00:05] [#]} 45. Kd5 $1 e4 46. Kd4 exf3 47. Bxf3 ({Weaker is} 47. gxf3 f4 $16) 47... f4 48. Ke5 Bg6 49. Kf6 Be8 50. Ke7 (50. Be4 $142 g4 51. Kf5 Bd7+ 52. Kxf4) 50... Bb5 51. Kf6 (51. h3 $142 Bf1 52. Kf6) 51... Be8 $1 52. Kg7 $2 (52. Bd5 $18 Bb5 53. Kg6) 52... h5 $16 53. Kf6 g4 54. Be4 f3 55. gxf3 gxf3 56. Bxf3 h4 57. Kg5 h3 58. Kh4 Bd7 59. Kg3 Be6 60. Kf4 Bd7 61. Bg4 (61. Ke5 $16) 61... Be8 $14 62. Bf3 ({Much less strong is} 62. Bxh3 Kb7 63. Ke5 Kxb6 $16) ({White should try} 62. Ke5 $14 Kb7 63. Bxh3) 62... Bd7 $1 $16 63. Kg5 Be8 $1 64. Kf5 Bb5 65. Ke5 Bf1 66. Kf4 (66. Kd6 $16) 66... Bg2 $11 {[%emt 0:00:06] The position is equal.} 67. Kg3 Bxf3 {[%emt 0:00:18][%mdl 64] Remove Defender} 68. Kxf3 {[%emt 0:00:02] Intending Kg4 and mate. KPP-KP} Kb7 69. Kg4 Kxb6 70. Kxh3 {[%emt 0:00:03] KP-K} Kc7 71. Kg4 {[%emt 0:00:02] White threatens Kf5 and mate.} Kd7 72. Kg5 Ke7 73. Kg6 {[%emt 0:00:02] Kg7 would kill now.} Kf8 74. h4 (74. h3 $5) 74... Kg8 75. h5 Kh8 76. h6 Kg8 77. h7+ Kh8 78. Kh6 {[%emt 0:00:04] White really could win this.   Weighted Error Value: White=0.32/Black=0.35} 1/2-1/2

[Event "13th London Chess Classic 2023"]
[Site "London"]
[Date "2023.12.03"]
[Round "3.1"]
[White "Gukesh D"]
[Black "Volokitin, Andrei"]
[Result "1-0"]
[ECO "A34"]
[WhiteElo "2746"]
[BlackElo "2660"]
[Annotator "TA"]
[PlyCount "55"]
[EventDate "2023.11.27"]
[EventType "tourn"]
[EventCountry "ENG"]
[SourceTitle "playchess.com"]
[Source "ChessBase"]
[SourceQuality "1"]
[TimeControl "40/5400+30:1800+30"]

1. c4 Nf6 2. Nc3 c5 3. g3 d5 4. cxd5 Nxd5 5. Bg2 Nc7 6. b3 e5 7. Bb2 Be7 8. Rc1 O-O {[%emt 0:02:23] [#] A34: Symmetrical English: 2 Nc3, lines with ...d5.} 9. Ne4 $146 ({Predecessor:} 9. Na4 Nd7 10. Nf3 f6 11. O-O Rb8 12. e3 b5 13. Nc3 Bb7 14. d3 a6 15. Ne4 Ne6 16. Qe2 {0-1 Mkrtchian,L (2434)-Ju,W (2558) China Elite Mind blitz (Women) 2016 (17)}) 9... b6 10. Bxe5 {[%emt 0:00:09][%cal Oe4c5] With the idea Nxc5!} (10. Nc3 Qd7 $14) 10... Bb7 {[%emt 0:00:24] The position is equal.} 11. Ba1 {[%emt 0:00:08][%cal Oe4f6] Black must now prevent Nf6+!} Qc8 {[%emt 0:22:51] And now ...f5 would win.} (11... Bc6 $5 12. f3 f5 $11) 12. g4 Ne6 ({Much less strong is} 12... Qxg4 13. Nf6+ Bxf6 14. Bxb7 Bxa1 15. Rxa1 $14) (12... f6 $11) 13. Nh3 $16 Nc6 14. e3 {[%emt 0:19:46] Against Ned4. White is more active.} ({White should play} 14. O-O $1 $16) 14... Nb4 {[%emt 0:15:59] Hoping for ...Nd3+.} 15. O-O $1 Nxa2 16. Rb1 Nb4 17. f4 {[%emt 0:07:19][%cal Bf2f4,Bf4f5][%mdl 32] f5 would be deadly.} f6 18. Qf3 (18. f5 $14 Ng5 19. Nhxg5 fxg5 20. f6 gxf6 21. Rf5) 18... Bc6 $11 19. f5 Nc7 {[%emt 0:01:39] [#]} (19... Ng5 $1 $11 {keeps the balance.} 20. Nhxg5 fxg5) 20. g5 $1 $16 fxg5 {[%emt 0:00:14] [#]} (20... Rb8 $16) 21. Qg3 $1 $18 {[%emt 0:01:21] f6 is the strong threat.} h6 $2 (21... Bxe4 {might work better.} 22. Bxe4 Qd8) 22. f6 gxf6 (22... Bxf6 $142 23. Bxf6 Bxe4 24. Bxg7 (24. Bxe4 gxf6 25. Bxa8 Nxa8 $14) 24... Rxf1+ 25. Rxf1 Bxg2 26. Rf8+ Qxf8 27. Bxf8 Rxf8) 23. Bxf6 {[%emt 0:02:11] White wants to mate with Nhxg5.} Bxe4 24. Nxg5 Bxf6 25. Rxf6 (25. Bxe4 $2 {is the wrong capture.} hxg5 26. Bxa8 Nxa8 $19) 25... Rxf6 26. Nxe4+ {[%emt 0:00:11][%mdl 64] Discovered Attack} Kh8 27. Nxf6 {[%emt 0:00:07][%cal Og3g6][%mdl 64] Intending Qg6! and mate. Discovered Attack} Qf5 {[%emt 0:00:40] Prevents Qg6} 28. Rf1 {[%emt 0:00:07] An entertaining game by Gukesh D.   Weighted Error Value: White=0.10 (very precise) /Black=0.54} 1-0